Map: Emerald City LE

Players

AlexDuf

  • Race: Terran Terran
  • League: Platinum
  • Spawn Location: 5:00

Faradramir

  • Race: Terran Terran
  • Spawn Location: 5:00

Cthulhu

  • Race: Terran Terran
  • Spawn Location: 11:00

Throwfordays

  • Race: Protoss Protoss
  • League: Bronze
  • Spawn Location: 11:00

VOD

Have the link to the VOD?

Description

Time

  • Played on: Feb. 1, 2019, 8:43 p.m.
  • Length: 20:55
Show
View Real Time Build Order
Export as new Build Order

AlexDuf Terran 

Build Orders:  

Get SALT Encoding   

  12  0:00  SCV  
  13  0:13  SCV  
  14  0:18  Supply Depot  
  14  0:25  SCV  
  15  0:40  SCV  
  16  0:45  Barracks  
  16  0:54  SCV  
  17  1:16  SCV  
  18  1:21  Command Center  
  18  1:35  SCV  
  19  1:46  Refinery  
  19  1:47  Barracks  
  20  2:01  SCV  
  20  2:07  Refinery  
  20  2:13  SCV  
  21  2:16  Supply Depot  
  21  2:26  Orbital Command  
  21  2:32  Marine  
  22  2:40  Marine  
  23  2:48  Engineering Bay  
  23  2:50  Marine  
  24  2:58  Marine  
  25  3:08  Marine, SCV  
  25  3:11  Factory  
  27  3:16  Marine  
  28  3:26  Marine  
  29  3:34  Marine, Missile Turret  
  30  3:38  Supply Depot  
  30  3:39  SCV  
  31  3:41  Barracks  
  31  3:44  Marine  
  31  3:45  SCV  
  33  3:51  Marine  
  33  3:52  SCV  
  35  3:57  SCV  
  36  4:04  Factory Tech Lab  
  36  4:06  Starport  
  36  4:13  Barracks Tech Lab  
  36  4:14  SCV  
  37  4:17  SCV  
  38  4:26  SCV  
  38  4:28  Supply Depot  
  38  4:29  SCV, Terran Infantry Weapons Level 1  
  38  4:31  Marine  
  40  4:32  Marine  
  42  4:38  SCV  
  42  4:41  SCV  
  42  4:44  Medivac  
  46  4:46  Siege Tank  
  46  4:50  Refinery  
  49  4:53  Stimpack  
  49  4:59  SCV x2  
  51  5:08  Marine x2  
  51  5:09  Marine, Supply Depot  
  51  5:11  SCV  
  55  5:15  Starport Reactor  
  55  5:27  Marauder  
  57  5:31  Orbital Command  
  57  5:37  Missile Turret  
  57  5:41  Marine x2  
  59  5:48  Marine  
  60  5:51  Supply Depot  
  60  5:58  Medivac  
  60  5:59  Marine x2, SCV x2, Medivac  
  60  6:03  Refinery  
  68  6:12  Supply Depot  
  68  6:13  Marine  
  68  6:14  Supply Depot, SCV x2  
  68  6:17  Marine x2  
  71  6:31  Marine  
  71  6:45  Medivac x2  
  74  6:47  SCV x2  
  74  6:48  Siege Tank  
  74  6:51  Supply Depot  
  79  6:59  SCV x2  
  81  7:10  Command Center  
  81  7:11  SCV x2  
  81  7:15  Supply Depot, Armory  
  83  7:20  Siege Tank  
  83  7:22  Marine x3  
  86  7:23  SCV x2  
  86  7:29  Supply Depot  
  91  7:35  Viking  
  93  7:40  Marine x2  
  95  8:01  SCV x2  
  97  8:06  Marine x3  
  100  8:17  SCV x2  
  100  8:18  Starport  
  102  8:21  Refinery  
  102  8:24  Marine  
  102  8:26  Marine x2, Barracks  
  105  8:30  Orbital Command  
  105  8:37  Terran Infantry Weapons Level 2  
  105  8:39  Terran Vehicle And Ship Armor Level 1  
  105  8:42  Marine  
  105  8:44  Marine  
  105  8:47  Refinery  
  107  8:52  Marine  
  108  8:56  Barracks  
  108  8:59  Marine  
  109  9:06  Siege Tank  
  109  9:08  Command Center  
  104  9:21  Marine  
  104  9:22  Marine x3  
  106  9:38  Siege Tank  
  109  9:39  Marine x3  
  109  9:40  Marine  
  109  9:42  Supply Depot  
  113  9:46  Barracks Tech Lab  
  113  9:47  Supply Depot  
  113  9:48  Starport Tech Lab  
  113  9:49  Viking x2  
  117  9:57  Marine  
  117  9:58  Marauder  
  120  10:04  Sensor Tower  
  120  10:10  Supply Depot, Siege Tank  
  120  10:12  Missile Turret  
  123  10:19  Liberator  
  123  10:20  Marine x2  
  123  10:21  Marine x3  
  130  10:23  Viking x2, Factory  
  135  10:29  Orbital Command, Starport  
  135  10:34  Refinery  
  135  10:38  Marine x2  
  135  10:39  Marine x3  
  135  10:42  Siege Tank  
  143  10:53  Terran Infantry Armor Level 1  
  143  10:56  Marine x4  
  143  10:57  Marine  
  148  11:09  Viking x2, Supply Depot  
  152  11:11  Supply Depot  
  152  11:12  Rapid Reignition System  
  152  11:14  Marine x4, Siege Tank  
  152  11:15  Marauder  
  152  11:16  Terran Vehicle And Ship Armor Level 2  
  161  11:20  Supply Depot, Combat Shield  
  161  11:31  Marine  
  161  11:32  Marine x3  
  164  11:35  Supply Depot  
  164  11:36  Marine  
  157  11:49  Marine  
  157  11:51  Marauder  
  147  12:03  Marine  
  147  12:04  Marine, Marauder  
  147  12:07  Marine, Viking x4  
  160  12:12  Marauder  
  162  12:18  Siege Tank  
  162  12:21  Marine x2  
  165  12:25  Marine, Marauder  
  168  12:33  Marauder  
  168  12:37  Viking  
  172  12:39  Marine x2  
  172  12:42  SCV x3  
  172  12:43  Marine  
  178  12:46  Refinery  
  178  12:47  Marauder, Terran Infantry Weapons Level 3  
  178  12:50  Siege Tank  
  182  12:54  Marine  
  182  12:57  Marine x2  
  146  13:01  Marine  
  134  13:08  Marauder  
  127  13:13  Marauder  
  127  13:15  Marine x2  
  127  13:18  Marine  
  89  13:32  Marine  
  89  13:33  Marine  
  89  13:36  Marine  
  88  13:43  Marine x2  
  88  13:47  Viking x3  
  92  13:50  Marine  
  92  13:51  Marine  
  92  13:54  Marine  
  95  14:00  Marine x2, SCV x2  
  99  14:08  Marine x2  
  99  14:12  Marine  
  99  14:13  Cyclone  
  99  14:16  Factory Tech Lab  
  103  14:18  Marine x2  
  103  14:22  SCV x3  
  108  14:26  Marine x2  
  108  14:30  Marine  
  111  14:34  SCV x3  
  111  14:36  Marine x2  
  113  14:44  Marine x2  
  113  14:45  Cyclone  
  118  14:46  SCV x3  
  118  14:47  Marine  
  122  14:52  Barracks  
  122  14:54  Marine x2  
  122  14:58  SCV x2  
  126  15:01  Marine  
  126  15:02  Marine  
  126  15:04  Command Center  
  126  15:05  Marine  
  129  15:12  Marine x2, Terran Ship Weapons Level 1  
  131  15:17  Cyclone  
  131  15:19  Marine  
  131  15:20  Marine  
  136  15:23  Marine  
  136  15:24  Terran Infantry Armor Level 2  
  137  15:29  Marine  
  137  15:30  Marine  
  137  15:34  Supply Depot  
  137  15:35  Supply Depot  
  139  15:37  Marine x2  
  139  15:41  Marine  
  142  15:47  Marine x2  
  144  15:55  Marine x2  
  146  15:59  Marine  
  144  16:05  Marine  
  144  16:06  Marauder  
  147  16:18  Marine x3  
  150  16:23  Marauder  
  152  16:27  Planetary Fortress  
  152  16:31  Missile Turret  
  152  16:43  Refinery  
  152  16:51  Marine, Missile Turret  
  152  16:52  Marine  
  154  16:57  Refinery  
  154  16:59  Marine x3, Marauder  
  159  17:06  Terran Vehicle And Ship Armor Level 3  
  159  17:08  Starport Tech Lab  
  159  17:09  Marine x2, Raven  
  163  17:16  Marine  
  163  17:17  Marauder  
  163  17:21  Marauder  
  161  17:38  Marine x4  
  161  17:39  Marine  
  161  17:41  Cyclone x2  
  161  17:42  Marine  
  173  17:56  Marine x4  
  173  17:57  Marine  
  178  17:59  Marine  
  179  18:13  Marine, Cyclone x2  
  179  18:14  Marine x4  
  179  18:17  Marine  
  189  18:31  Marine x2  
  189  18:32  Marine x3  
  194  18:35  Marine  
  195  18:44  Command Center  
  195  18:45  Cyclone  
  198  18:49  Marine x2, Ghost Academy  
  200  19:04  Fusion Core  
  200  20:04  Starport  
  124  20:37  Marine x4  
  103  20:50  Missile Turret  
Show
View Real Time Build Order
Export as new Build Order

Faradramir Terran 

Build Orders: 2 Factory 

Get SALT Encoding   

  12  0:08  SCV  
  13  0:20  SCV  
  14  0:27  Supply Depot  
  14  0:32  SCV  
  15  1:12  Supply Depot  
  15  1:30  Refinery  
  15  1:33  Refinery  
  15  1:34  SCV  
  15  1:36  Barracks  
  16  1:46  SCV  
  17  1:55  Command Center  
  17  1:58  SCV  
  18  2:10  SCV  
  19  2:17  Supply Depot  
  19  2:22  SCV  
  20  2:34  SCV  
  21  2:39  Factory  
  21  2:46  SCV  
  21  2:58  SCV  
  21  3:01  Factory  
  21  3:02  Supply Depot  
  22  3:06  Marine  
  24  3:15  Orbital Command  
  23  3:24  Marine  
  24  3:28  Orbital Command  
  24  3:52  Starport  
  24  3:53  Factory Tech Lab  
  24  3:54  Factory Reactor  
  24  3:55  Marine  
  25  4:00  SCV  
  26  4:09  SCV  
  27  4:12  SCV  
  27  4:13  Marine  
  29  4:21  SCV  
  30  4:29  Siege Tank  
  33  4:32  SCV  
  33  4:33  SCV  
  33  4:35  Starport Reactor  
  35  4:44  SCV  
  36  4:45  SCV  
  37  4:56  SCV  
  37  4:57  SCV  
  37  4:58  Engineering Bay  
  39  5:00  Supply Depot  
  39  5:01  Siege Tank  
  39  5:07  Hellion  
  44  5:10  SCV  
  45  5:19  Supply Depot, SCV  
  46  5:22  SCV  
  47  5:31  SCV  
  47  5:33  Cyclone  
  47  5:34  SCV  
  52  5:37  Missile Turret  
  45  5:43  Viking x2, SCV  
  45  5:46  SCV  
  50  5:55  SCV  
  50  5:56  Missile Turret  
  51  5:58  SCV  
  51  6:05  Cyclone  
  51  6:09  Missile Turret  
  51  6:10  SCV  
  55  6:13  Missile Turret  
  55  6:16  Refinery  
  55  6:20  SCV  
  56  6:28  SCV  
  56  6:32  Refinery, SCV  
  58  6:40  Siege Tank  
  58  6:45  SCV  
  62  6:47  Starport  
  62  6:57  SCV  
  63  7:07  Command Center  
  63  7:08  SCV  
  64  7:11  SCV  
  65  7:18  Viking  
  65  7:20  SCV  
  68  7:23  SCV  
  68  7:28  Armory  
  69  7:31  Armory  
  69  7:32  SCV  
  69  7:33  Supply Depot  
  70  7:47  Supply Depot x2  
  70  7:48  Supply Depot  
  70  7:55  SCV x2, Cyclone  
  75  8:03  Starport Tech Lab  
  75  8:05  Fusion Core  
  75  8:07  SCV x2  
  77  8:27  Cyclone, Missile Turret  
  77  8:34  Viking x2  
  84  8:39  Hellbat x2  
  88  8:45  Supply Depot  
  88  8:48  SCV  
  89  8:59  Siege Tank  
  89  9:00  Hellbat  
  94  9:05  Starport  
  94  9:10  Orbital Command, Starport  
  94  9:14  Missile Turret  
  94  9:18  SCV x2  
  96  9:30  SCV  
  96  9:31  SCV  
  98  9:32  Thor, Supply Depot  
  104  9:40  Viking  
  104  9:42  SCV  
  104  9:43  SCV  
  104  9:44  Viking  
  110  9:53  Starport Tech Lab  
  110  9:54  SCV  
  110  9:55  SCV  
  112  10:06  SCV  
  113  10:07  SCV  
  113  10:09  Starport Tech Lab  
  113  10:11  Starport  
  114  10:15  Thor, Viking  
  114  10:17  Viking  
  114  10:19  SCV  
  125  10:25  Refinery  
  125  10:27  Refinery  
  125  10:28  Missile Turret  
  125  10:31  SCV  
  126  10:43  SCV  
  127  10:54  Starport Tech Lab  
  127  10:55  Viking, Command Center, SCV  
  130  11:07  SCV  
  131  11:17  Weapon Refit  
  131  11:19  SCV, Terran Vehicle Weapons Level 1  
  131  11:21  Terran Vehicle And Ship Armor Level 1  
  132  11:31  SCV, Supply Depot  
  133  11:33  Supply Depot  
  133  11:34  Supply Depot  
  133  11:53  Viking, Battlecruiser  
  141  11:54  Thor, SCV  
  141  11:59  Refinery  
  148  12:02  Refinery  
  148  12:04  Missile Turret  
  148  12:06  SCV  
  116  12:17  Viking  
  116  12:18  Viking x2, Battlecruiser  
  125  12:23  Viking  
  119  12:47  Viking  
  119  12:48  Viking x2  
  123  12:53  Viking  
  123  12:57  Viking  
  122  12:58  Command Center  
  108  13:13  Terran Ship Weapons Level 1  
  108  13:17  Viking  
  108  13:18  Viking, Battlecruiser  
  112  13:21  SCV  
  112  13:22  Viking  
  112  13:23  Viking  
  117  13:28  Viking  
  117  13:33  SCV  
  110  13:47  Viking  
  110  13:48  Viking  
  107  13:52  Viking  
  107  13:53  SCV  
  108  14:05  SCV  
  108  14:08  Viking, Battlecruiser  
  117  14:17  SCV, Viking  
  117  14:18  Viking  
  122  14:29  SCV  
  123  14:41  SCV  
  124  14:53  SCV  
  125  15:05  SCV  
  126  15:11  Viking, Battlecruiser  
  126  15:12  Viking  
  136  15:14  Command Center  
  136  15:16  Command Center  
  136  15:17  SCV  
  137  15:23  Viking x2  
  141  15:30  SCV  
  142  15:47  Viking  
  144  15:58  Viking  
  144  15:59  Viking  
  148  16:09  Command Center  
  148  16:13  Terran Vehicle And Ship Armor Level 2  
  148  16:14  Terran Ship Weapons Level 2  
  148  16:27  Planetary Fortress  
  148  16:55  Planetary Fortress  
  147  17:02  Refinery  
  147  17:03  Refinery  
  147  17:07  SCV  
  148  17:20  Viking, Battlecruiser x4  
  169  17:27  Viking  
  145  17:49  SCV  
  145  17:50  Viking  
  148  17:52  Refinery  
  148  17:57  Viking  
  150  18:01  SCV  
  151  18:13  SCV  
  151  18:17  Command Center  
  152  18:20  SCV, Liberator  
  152  18:24  Viking  
  152  18:25  SCV  
  159  18:32  SCV  
  160  18:37  SCV  
  161  18:49  SCV  
  161  18:50  Command Center  
  161  18:51  Refinery  
  161  18:53  Refinery  
  162  19:01  SCV  
  163  19:13  SCV  
  164  19:19  Viking  
  164  19:20  Battlecruiser  
  164  19:21  Refinery  
  172  19:28  Viking x2, SCV  
  177  19:36  Supply Depot  
  177  19:37  Supply Depot  
  177  19:40  Supply Depot, SCV  
  177  19:41  Starport  
  177  19:43  Starport  
  179  19:52  SCV  
  179  20:02  Planetary Fortress  
  179  20:04  SCV  
  180  20:17  SCV  
  181  20:28  Starport Tech Lab x2  
  173  20:29  SCV  
  173  20:30  Command Center  
  190  20:38  SCV  
  190  20:41  SCV  
Show
View Real Time Build Order
Export as new Build Order

Cthulhu Terran 

Build Orders: 2 Factory 

Get SALT Encoding   

  12  0:01  SCV  
  13  0:13  SCV  
  14  0:22  Supply Depot  
  14  0:26  Refinery  
  14  0:29  SCV  
  15  0:43  SCV  
  15  0:47  Barracks  
  16  0:56  SCV  
  17  1:01  Refinery  
  17  1:09  SCV  
  18  1:21  SCV  
  19  1:35  Supply Depot  
  19  1:38  Factory  
  19  1:41  SCV  
  20  1:52  Marine  
  20  1:53  SCV  
  22  2:11  Supply Depot  
  22  2:13  Engineering Bay  
  22  2:16  Marine, SCV  
  22  2:22  Supply Depot  
  24  2:26  Factory Tech Lab  
  24  2:45  Marine, SCV  
  24  2:46  Siege Tank  
  29  3:11  Orbital Command  
  29  3:12  Marine  
  30  3:21  Factory  
  30  3:24  Siege Tank  
  32  3:39  Supply Depot  
  32  3:42  SCV  
  33  3:49  Barracks Tech Lab  
  33  3:58  SCV  
  33  3:59  Siege Tank  
  37  4:04  Armory  
  37  4:07  Factory Tech Lab  
  37  4:11  SCV  
  38  4:19  Marine  
  38  4:23  SCV  
  40  4:27  Engineering Bay  
  40  4:29  Siege Tank  
  43  4:53  SCV  
  43  4:56  Command Center  
  44  5:02  Siege Tank  
  47  5:23  Supply Depot  
  47  5:24  Terran Vehicle Weapons Level 1  
  47  5:27  Combat Shield  
  47  5:42  Supply Depot  
  47  5:44  Marine  
  47  5:45  SCV, Siege Tank  
  52  5:52  Siege Tank  
  55  6:06  Armory  
  55  6:07  SCV  
  56  6:52  Orbital Command  
  56  6:55  Refinery  
  56  7:05  Command Center  
  56  7:08  Sensor Tower  
  56  7:10  SCV  
  56  7:12  Siege Tank  
  56  7:14  Marine, Sensor Tower  
  61  7:18  Supply Depot  
  61  7:29  Terran Vehicle Weapons Level 2  
  61  7:57  Supply Depot  
  61  8:01  Refinery  
  61  8:15  Stimpack  
  61  8:18  Missile Turret  
  61  8:21  Missile Turret  
  61  8:27  Missile Turret  
  61  8:29  Orbital Command  
  61  8:39  Missile Turret  
  61  8:40  Siege Tank, Missile Turret  
  64  8:43  Missile Turret  
  64  8:45  SCV x2  
  66  8:50  Barracks  
  66  8:55  SCV  
  67  8:57  SCV  
  68  9:03  SCV  
  68  9:26  Siege Tank x2  
  74  9:33  Marine  
  74  9:34  SCV  
  74  9:35  SCV x2  
  78  9:40  Barracks Tech Lab  
  78  9:43  Ghost Academy  
  78  9:45  Terran Vehicle And Ship Armor Level 1  
  78  9:46  Terran Vehicle Weapons Level 3  
  78  10:14  Supply Depot  
  78  10:16  Personal Cloaking, Factory  
  78  10:17  Barracks Tech Lab  
  78  10:20  SCV x3  
  83  10:24  Refinery  
  83  10:26  Refinery  
  83  10:31  Siege Tank  
  86  10:42  Supply Depot  
  86  10:47  Unknown  
  86  11:06  Siege Tank x3  
  95  11:41  Nuke  
  95  11:44  Supply Depot  
  87  12:25  Terran Vehicle And Ship Armor Level 2  
  87  12:28  Siege Tank x3  
  87  12:35  Marine  
  87  12:37  Supply Depot  
  78  13:00  Hellion x2  
  78  13:01  Hellion  
  78  13:04  Unknown  
  84  13:06  Missile Turret  
  70  13:59  SCV x2  
  70  14:00  SCV  
  73  14:05  Starport  
  73  14:14  Factory  
  73  14:19  Marine x2, Missile Turret  
  73  14:20  Supply Depot  
  75  14:37  Marine  
  76  14:46  SCV, Missile Turret  
  76  14:50  Missile Turret  
  76  14:51  Missile Turret  
  77  14:55  Missile Turret  
  77  14:58  SCV, Factory Tech Lab  
  78  15:00  Thor, Siege Tank x2  
  78  15:01  Terran Vehicle And Ship Armor Level 3  
  78  15:04  Marine  
  93  15:10  SCV  
  94  15:14  Refinery  
  94  15:19  Medivac  
  96  15:22  Marine  
  96  15:24  Terran Infantry Armor Level 1  
  97  15:32  Thor  
  97  15:33  Unknown  
  102  15:49  Medivac  
  102  16:08  Thor  
  108  16:44  Sensor Tower  
  108  16:47  Missile Turret  
  108  16:50  Command Center  
  108  16:53  Starport Reactor  
  106  16:57  Thor  
  106  16:59  Hellion x2  
  96  17:43  Siege Tank x3  
  90  17:58  Marine x2  
  66  18:15  Siege Tank  
  66  18:16  Marine, Viking x2  
  57  18:32  Marine  
  57  18:33  Siege Tank x3  
  67  19:06  Sensor Tower  
  67  19:14  Unknown  
  67  19:32  Command Center  
  65  19:54  Siege Tank x2  
  65  19:57  Hellion x2  
  50  20:38  SCV x2  
Show
View Real Time Build Order
Export as new Build Order

Throwfordays Protoss 

Build Orders: Double Forge, Oracle Opening 

Get SALT Encoding   

  12  0:04  Probe  
  13  0:16  Probe  
  13  0:19  Pylon  
  15  0:28  Probe  
  15  0:39  Gateway  
  15  0:40  Probe  
  16  0:48  Assimilator  
  16  0:52  Probe  
  17  1:04  Probe  
  18  1:17  Probe  
  19  1:26  Cybernetics Core  
  19  1:29  Probe  
  19  1:31  Assimilator  
  20  1:41  Probe  
  21  1:48  Pylon  
  21  1:52  Warp Gate  
  21  1:53  Probe  
  22  2:03  Nexus  
  22  2:05  Probe  
  23  2:18  Probe  
  24  2:30  Assimilator, Probe  
  25  2:42  Probe  
  26  2:54  Probe  
  26  2:57  Stargate  
  27  3:01  Pylon  
  27  3:06  Probe  
  27  3:11  Pylon  
  28  3:15  Probe  
  28  3:18  Probe  
  30  3:23  Assimilator  
  30  3:25  Protoss Air Weapons Level 1  
  30  3:27  Probe  
  30  3:30  Pylon, Probe  
  30  3:31  Oracle  
  32  3:39  Probe  
  33  3:42  Probe  
  37  3:49  Probe  
  38  3:57  Probe  
  38  4:02  Gateway  
  39  4:05  Probe  
  39  4:08  Oracle  
  43  4:18  Probe  
  43  4:19  Gateway  
  43  4:22  Forge  
  44  4:24  Probe  
  44  4:25  Forge  
  44  4:30  Probe  
  46  4:36  Probe  
  47  4:42  Probe  
  48  4:47  Cybernetics Core  
  48  4:49  Probe  
  48  4:51  Pylon, Protoss Shields Level 1  
  48  4:52  Pylon  
  49  4:54  Pylon  
  49  5:12  Probe  
  46  6:14  Adept x2  
  46  6:15  Adept  
  33  6:39  Adept  
  35  6:40  Adept x2  
  35  6:46  Probe  
  40  6:51  Probe  
  41  6:58  Probe  
  42  7:01  Protoss Air Armor Level 1  
  42  7:03  Stargate, Probe  
  42  7:04  Stargate  
  43  7:08  Stargate  
  43  7:10  Stargate, Probe  
  43  7:14  Fleet Beacon  
  43  7:15  Probe  
  45  7:19  Twilight Council  
  45  7:23  Probe  
  45  7:29  Pylon  
  46  7:31  Pylon  
  46  7:33  Pylon  
  46  7:34  Pylon  
  46  7:35  Protoss Ground Weapons Level 1, Probe  
  46  7:36  Pylon  
  47  7:38  Pylon  
  47  7:41  Adept x3  
  53  8:00  Void Ray x3  
  65  8:16  Nexus  
  65  8:18  Void Ray  
  65  8:19  Pylon  
  69  8:45  Protoss Air Weapons Level 2  
  69  8:55  Probe  
  69  8:59  Probe  
  71  9:06  Assimilator  
  71  9:08  Probe  
  72  9:10  Assimilator  
  72  9:11  Probe  
  73  9:20  Probe  
  73  9:23  Probe  
  75  9:28  Void Ray  
  79  9:35  Probe  
  80  9:39  Probe  
  80  9:44  Probe  
  82  9:47  Probe  
  82  9:51  Probe  
  84  9:56  Probe  
  84  9:59  Probe  
  86  10:01  Protoss Shields Level 2  
  86  10:03  Probe  
  87  10:08  Probe  
  87  10:11  Robotics Facility  
  87  10:13  Robotics Facility  
  88  10:16  Robotics Facility  
  88  10:17  Protoss Air Armor Level 2  
  88  10:20  Probe  
  89  10:24  Protoss Ground Weapons Level 2  
  89  10:32  Probe  
  90  10:38  Pylon  
  90  10:59  Anion Pulse-Crystals  
  90  11:01  Protoss Air Weapons Level 3  
  90  11:09  Immortal x2  
  98  11:15  Robotics Bay  
  98  11:35  Stalker x3  
  104  11:51  Colossus x2  
  104  11:52  Colossus  
  104  12:03  Probe  
  123  12:22  Probe  
  124  12:42  Stalker x3  
  79  13:17  Stalker x2  
  79  13:18  Stalker  
  53  14:01  Extended Thermal Lance  
  53  14:08  Void Ray x3  
  61  14:11  Probe  
  61  14:16  Probe  
  59  14:23  Probe  
  59  14:25  Void Ray x2  
  59  14:28  Probe  
  68  14:35  Probe, Immortal x2  
  69  14:39  Pylon  
  69  14:41  Pylon, Probe  
  69  14:42  Immortal  
  70  14:48  Probe  
  71  14:53  Probe  
  71  14:56  Nexus  
  72  15:00  Assimilator, Probe  
  72  15:05  Probe  
  74  15:12  Probe  
  75  15:17  Probe  
  76  15:23  Colossus  
  76  15:24  Probe  
  83  15:29  Probe  
  84  15:36  Probe  
  85  15:47  Void Ray x2  
  85  15:48  Probe  
  94  16:03  Void Ray  
  98  16:18  Probe  
  99  16:24  Probe  
  100  16:30  Probe  
  101  16:36  Probe  
  102  16:42  Probe  
  103  16:48  Probe  
  103  16:49  Void Ray  
  109  16:54  Probe  
  109  17:00  Probe  
  78  17:49  Disruptor x2  
  84  17:52  Disruptor  
  84  17:54  Protoss Shields Level 3  
  84  17:55  Protoss Ground Weapons Level 3  
  78  18:03  Stalker x2  
  78  18:04  Stalker  
  84  19:37  Pylon  
  84  19:55  Colossus  
  84  19:56  Colossus x2  
Tags
 
Add a new tag
Caveats
  • Supply blocks, unpowered buildings, or Contaminate may cause inaccurate times.
  • Supply counts are checked every 10 seconds.